 Dungeon Crawl Stone Soup version 0.20-a0-1109-ge3cd172 (webtiles) character file.

2847 qqqbard the Geomancer (level 9, -3/45 HPs)
             Began as a Gargoyle Earth Elementalist on May 5, 2017.
             Was a Follower of Vehumet.
             Slain by a two-headed ogre
             ... wielding a +0 giant club
              (16 damage)
             ... on level 8 of the Dungeon.
             The game lasted 00:15:06 (8616 turns).

qqqbard the Geomancer (Gargoyle Earth Elementalist) Turns: 8616, Time: 00:15:06

Health: -3/45      AC: 12    Str: 12    XL:     9   Next: 74%
Magic:  6/21       EV: 12    Int: 19    God:    Vehumet [*.....]
Gold:   372        SH:  0    Dex: 10    Spells: 16/25 levels left

rFire    . . .     SeeInvis .   (no weapon)
rCold    . . .     Gourm    .   (no shield)
rNeg     + . .     Faith    .   c - +0 robe
rPois    ∞         Spirit   .   (no helmet)
rElec    +         Reflect  .   i - +0 cloak
rCorr    .         Harm     .   u - +0 pair of gloves
MR       .....                  M - +2 pair of boots {Stlth+}
Stlth    +++.......             x - amulet of regeneration
Regen    0.6/turn               (no ring)
MPRegen  0.2/turn               (no ring)

@: no status effects
A: negative energy resistance 1, electricity resistance, unbreathing,
petrification resistance, rot immunity, AC +5
a: Renounce Religion


You were on level 8 of the Dungeon.
You worshipped Vehumet.
Vehumet was aware of your devotion.
You were not hungry.

You visited 2 branches of the dungeon, and saw 9 of its levels.

You collected 372 gold pieces.

Inventory:

Hand Weapons
 L - a +0 quarterstaff
Missiles
 y - 15 stones (quivered)
Armour
 c - a +0 robe (worn)
 i - a +0 cloak (worn)
 u - a +0 pair of gloves (worn)
 M - a +2 pair of boots of stealth (worn)
Jewellery
 x - an amulet of regeneration (around neck)
Wands
 r - a wand of random effects (15/48)
 F - a wand of digging (13/24)
 K - a wand of acid (6/15)
Scrolls
 b - 9 scrolls of remove curse {unknown}
 f - 3 scrolls of fear {unknown}
 g - 2 scrolls of random uselessness {unknown}
 h - a scroll of recharging {unknown}
 k - 5 scrolls of identify {unknown}
 l - 4 scrolls of fog {unknown}
 o - a scroll of immolation {unknown}
 p - 5 scrolls of teleportation {unknown}
 t - 4 scrolls of magic mapping {unknown}
 C - 2 scrolls of enchant armour {unknown}
 E - a scroll of vulnerability {unknown}
 J - a scroll of acquirement {unknown}
Potions
 j - 2 potions of flight {unknown}
 n - 6 potions of haste {unknown}
 q - a potion of magic {unknown}
 v - 3 potions of heal wounds {unknown}
 w - 3 potions of brilliance {unknown}
 z - 2 potions of berserk rage {unknown}
 B - 2 potions of agility {unknown}
 D - 3 potions of resistance {unknown}
 G - a potion of curing {unknown}
 H - a potion of degeneration {unknown}
 I - a potion of ambrosia {unknown}
Books
 e - a book of Geomancy

   Spells                             Type                      Level
   a - Sandblast                      Earth                        1
   b - Passwall                       Transmutation/Earth          2
   c - Stone Arrow                    Conjuration/Earth            3
   d - Petrify                        Transmutation/Earth          4
   e - Lee's Rapid Deconstruction     Earth                        5
 m - a book of Minor Magic

   Spells                             Type                      Level
   a - Magic Dart                     Conjuration                  1
   b - Blink                          Translocation                2
   c - Call Imp                       Summoning                    2
   d - Slow                           Hexes                        2
   e - Conjure Flame                  Conjuration/Fire             3
   f - Mephitic Cloud                 Conjuration/Poison/Air       3
Comestibles
 a - 3 meat rations
 d - 2 bread rations
 s - 5 royal jellies
 A - 3 fruits


   Skills:
 - Level 1.5 Dodging
 - Level 2.1 Stealth
 * Level 8.7 Spellcasting
 + Level 7.1 Conjurations
   Level 0.7 Transmutations
 + Level 8.7 Earth Magic


You had 16 spell levels left.
You knew the following spells:

 Your Spells              Type           Power        Failure   Level  Hunger
a - Sandblast             Erth           #####.       1%          1    None
b - Stone Arrow           Conj/Erth      #####.       1%          3    None
c - Lee's Rapid Deconstr  Erth           #####.....   6%          5    #####..


Dungeon Overview and Level Annotations

Branches:
Dungeon (8/15)             Temple (1/1) D:6
   Lair: D:8-11

Altars:
Ashenzari
Cheibriados
Dithmenos
Elyvilon
Fedhas
Gozag
Hepliaklqana
Kikubaaqudgha
Makhleb
Okawaru
Qazlal
Ru
Sif Muna
Trog
Uskayaw
Vehumet
Wu Jian
Xom
Yredelemnul
Zin
The Shining One


Innate Abilities, Weirdness & Mutations

You are resistant to torment.
Your stone body is resilient. (AC +5)
You are immune to poison.
You resist negative energy. (rN+)
You are resistant to electric shocks. (rElec)
You can survive without breathing.
You are immune to petrification.
You are immune to rotting.


Message History

The two-headed ogre is severely wounded.
Casting: Stone Arrow
Confirm with . or Enter, or press ? or * to list all spells.
Aiming: Stone Arrow
Press: ? - help, Shift-Dir - straight line, f/p - two-headed ogre
Aim: a two-headed ogre, wielding two giant clubs (severely wounded)
The stone arrow hits the two-headed ogre.
The two-headed ogre is almost dead.
The two-headed ogre misses you.
The two-headed ogre hits you with a giant club.
Casting: Stone Arrow
Confirm with . or Enter, or press ? or * to list all spells.
Aiming: Stone Arrow
Press: ? - help, Shift-Dir - straight line, f/p - two-headed ogre
Aim: a two-headed ogre, wielding two giant clubs (almost dead)
The stone arrow misses the two-headed ogre.
The two-headed ogre hits you with a giant club!
* * * LOW HITPOINT WARNING * * *
The two-headed ogre hits you with a giant club!
You die...

#...# ##### .....#
.###.## ##.###..#
#..###..# ##...#...#
....#...## #
#..._.....
#.#@O.#.....
#.#...#....
#....###.##
#####..###..#######
#......###..#.....#
#...........#.###.####
#......####.#[........
#......####.......####
#####...(.........#


You could see a two-headed ogre.

Vanquished Creatures
  Grinder (D:5)
  A hungry ghost (D:7)
  Menkaure (D:5)
  2 sky beasts
  2 phantoms
  2 black bears
  A necrophage (D:6)
  A centaur (D:7)
  An ogre (D:6)
  4 bullfrogs
  7 wights
  2 howler monkeys
  5 crimson imps
  3 hounds
  2 orc priests
  A centaur skeleton (D:6)
  A gnoll shaman (D:8)
  4 orc wizards
  A bullfrog skeleton (D:6)
  Ijyb (D:3)
  An iguana (D:4)
  3 worker ants
  A hound zombie (D:6)
  3 hound skeletons
  9 gnolls
  A howler monkey skeleton (D:6)
  8 adders
  A shadow imp (D:7)
  An ooze (D:2)
  2 adder skeletons
  4 worms
  7 leopard geckos
  18 orcs
  A ball python (D:4)
  5 bats
  3 giant cockroaches
  2 gnoll zombies (D:5)
  14 goblins
  4 hobgoblins
  4 jackals
  15 kobolds
  3 quokkas
  4 frilled lizards
  A jackal skeleton (D:6)
  A jackal zombie (D:6)
  A leopard gecko skeleton (D:6)
  8 rats
168 creatures vanquished.

Notes
Turn   | Place    | Note
-------+----------+-------------------------------------------
     0 | D:1      | qqqbard the Gargoyle Earth Elementalist began the quest for the Orb.
     0 | D:1      | Reached XP level 1. HP: 10/10 MP: 3/3
   196 | D:1      | Reached XP level 2. HP: 15/15 MP: 3/5
   546 | D:1      | Reached XP level 3. HP: 19/19 MP: 2/7
   888 | D:2      | Found a sacrificial altar of Ru.
  1010 | D:2      | Reached XP level 4. HP: 24/24 MP: 5/9
  1041 | D:2      | Learned a level 3 spell: Stone Arrow
  1147 | D:3      | Noticed Ijyb
  1156 | D:3      | Killed Ijyb
  1177 | D:3      | Reached skill level 1 in Conjurations
  1260 | D:3      | Reached XP level 5. HP: 10/28 MP: 4/10
  2169 | D:3      | Reached skill level 5 in Earth Magic
  2445 | D:3      | Reached XP level 6. HP: 32/32 MP: 0/12
  2544 | D:3      | Found a glowing silver altar of Zin.
  3178 | D:4      | Noticed a phantom
  3206 | D:4      | Found Paiga's Distillery.
  3395 | D:4      | Found a blossoming altar of Fedhas.
  3467 | D:4      | Found a bloodstained altar of Trog.
  3834 | D:4      | Killed a phantom
  3834 | D:4      | Reached skill level 5 in Spellcasting
  3834 | D:4      | Reached XP level 7. HP: 36/36 MP: 0/14
  4062 | D:4      | Found a stormy altar of Qazlal.
  4746 | D:5      | Entered Level 5 of the Dungeon
  4970 | D:5      | Noticed Grinder
  4979 | D:5      | Paralysed by Grinder for 6 turns
  4987 | D:5      | Killed Grinder
  4987 | D:5      | Reached XP level 8. HP: 32/41 MP: 0/17
  5287 | D:5      | Noticed Menkaure
  5292 | D:5      | Killed Menkaure
  5292 | D:5      | Reached skill level 5 in Conjurations
  5433 | D:5      | Found a basalt altar of Yredelemnul.
  5501 | D:6      | Found a hide-covered altar of Uskayaw.
  5735 | D:6      | Learned a level 5 spell: Lee's Rapid Deconstruction
  6060 | D:6      | Found a staircase to the Ecumenical Temple.
  6129 | Temple   | Entered the Ecumenical Temple
  6459 | Temple   | Became a worshipper of Vehumet
  6586 | D:6      | Reached XP level 9. HP: 45/45 MP: 16/20
  7792 | D:7      | Reached * piety under Vehumet
  7792 | D:7      | Offered knowledge of Freeze by Vehumet.
  8335 | D:8      | Found a hazy altar of Hepliaklqana.
  8336 | D:8      | Found a shimmering altar of Xom.
  8337 | D:8      | Noticed a spectral ugly thing
  8582 | D:8      | Found a shattered altar of Ashenzari.
  8594 | D:8      | Noticed a two-headed ogre
  8616 | D:8      | Slain by a two-headed ogre

Vault maps used:
D:1:      dpeg_arrival_erosion
D:2:      nicolae_ru_sacrificial_ziggurat
D:3:      kennysheep_the_goblin_king, old_standard_altar, first_bread, uniq_ijyb
D:4:      kennysheep_mini, kennysheep_little_box, serial_shops,
          nicolae_shop_temple_entry_statues_fountains,
          cheibrodos_sewer_entry_drain, trog_butcher_becter
D:5:      lemuel_zombie_altar_yredelemnul, uniq_menkaure, uniq_grinder
D:6:      kennysheep_mini_moat, minmay_temple_entry_nine_rooms
D:8:      regret_index_temple_of_mockery, cheibrodos_ashenzari_chains
Temple:   hc_temple_tempest_star

Skill      XL: |  1  2  3  4  5  6  7  8  9 |
---------------+----------------------------+-----
Spellcasting   | 3 4 5 6 7 8 |  8.7
Earth Magic    | 4 5 6 7 8 |  8.7
Conjurations   | 1 2 3 4 6 7 |  7.1
Dodging        | |  1.5
Stealth        | |  2.1
Transmutations | |  0.7

Action                   |  1- 3 |  4- 6 |  7- 9 || total
-------------------------+-------+-------+-------++-------
Melee: Unarmed           |    29 |    91 |    52 ||   172
 Cast: Sandblast         |    53 |    51 |    47 ||   151
       Stone Arrow       |       |    55 |   117 ||   172
  Eat: Chunk             |       |     8 |    15 ||    23
       Fruit             |       |     2 |       ||     2
       Bread ration      |       |     1 |       ||     1
       Royal jelly       |       |     1 |       ||     1
Armor: Robe              |    12 |    76 |    41 ||   129
Dodge: Dodged            |    23 |   122 |    71 ||   216
